 Dungeon Crawl Stone Soup version 0.27-a0-1325-g58a489ad9e (webtiles) character file.

Game seed: 3185051583648984228

1073 Mamutox the Ruffian (level 8, -2/56 (78) HPs)
             Began as a Troll Hunter on June 24, 2021.
             Slain by a wight (11 damage)
             ... on level 5 of the Dungeon.
             The game lasted 00:15:44 (4098 turns).

Mamutox the Ruffian (Troll Hunter)                  Turns: 4098, Time: 00:15:44

HP:   -2/56 (78)    AC:  4    Str: 21    XL:     8   Next: 7%
MP:   7/7           EV: 10    Int:  7    God:
Gold: 218           SH:  0    Dex: 12    Spells: 7/7 levels left

rFire    . . .     SeeInvis .     - Unarmed
rCold    . . .     Faith    .   (no shield)
rNeg     . . .     Spirit   .   b - +0 robe
rPois    .         Reflect  .   (helmet restricted)
rElec    .         Harm     .   (no cloak)
rCorr    .         Rampage  .   (gloves unavailable)
Will     .....                  (boots unavailable)
Stlth    +.........             (no amulet)
HPRegen  1.18/turn              (no ring)
MPRegen  0.10/turn              (no ring)

@: very heavily drained
A: large, unfitting armour, claws 3, regeneration 1, shaggy fur 1, tough skin 1
a: no special abilities


You were on level 5 of the Dungeon.
You visited 1 branch of the dungeon, and saw 7 of its levels.

You collected 218 gold pieces.

Inventory:

Hand Weapons
 h - a +0 lajatang
 l - a +1 vorpal hunting sling
 p - a +0 flail of protection
Missiles
 c - a large rock (quivered)
 d - 2 throwing nets
 t - 10 poisoned darts
Armour
 b - a +0 robe (worn)
Magical Staves
 g - a staff of earth
Jewellery
 e - a ring of poison resistance
Wands
 o - a wand of acid (7)
Scrolls
 a - a scroll of enchant weapon {unknown}
 j - a scroll of amnesia {unknown}
 m - a scroll of holy word {unknown}
 n - a scroll of identify {unknown}
 q - a scroll of noise {unknown}
 u - a scroll of brand weapon {unknown}
 x - a scroll of blinking {unknown}
Potions
 f - a potion of attraction {unknown}
 i - a potion of haste {unknown}
 k - a potion of berserk rage {unknown}
 r - a potion of mutation {unknown}
 s - a potion of invisibility {unknown}
 v - a potion of ambrosia {unknown}
 w - a potion of lignification {unknown}


   Skills:
 + Level 3.7 Fighting
 + Level 5.3 Throwing
 + Level 3.7 Dodging
 - Level 0.3 Stealth
 * Level 5.8 Unarmed Combat


You had 7 spell levels left.
You didn't know any spells.
Your spell library contained the following spells:

 Spells                   Type           Power      Damage    Failure   Level
 Freeze                   Ice            0%         1d3       43%         1
 Shock                    Conj/Air       0%         1d3       43%         1
 Blink                    Tloc           N/A        N/A       56%         2
 Static Discharge         Conj/Air       0%         N/A       56%         2
 Gell's Gravitas          Tloc           0%         N/A       80%         3
 Swiftness                Air            0%         N/A       80%         3
 Airstrike                Air            0%         N/A       99%         4
 Lightning Bolt           Conj/Air       0%         1d11      100%        5
 Manifold Assault         Tloc           0%         N/A       100%        5
 Polar Vortex             Ice            0%         N/A       100%        9


Dungeon Overview and Level Annotations

Branches:
Dungeon (7/15)
 Temple: D:4-7

Altars:
Makhleb
Zin

Shops:
D:1 [   D:5 :

Annotations:
D:3 Jessica


Innate Abilities, Weirdness & Mutations

You are too large for most types of armour.
You have claws for hands.
Your natural rate of healing is unusually fast.
You are covered in fur. (AC +1)
You have tough skin. (AC +1)


Message History

The wight hits you with a +2 long sword!
You feel drained.
The wight hits you from afar with a +5 halberd.
You barely miss the wight.
The wight is severely damaged.
The wight hits you with a +2 long sword!
The wight hits you from afar with a +5 halberd.
* * * LOW HITPOINT WARNING * * *
You feel drained.
* * * LOW HITPOINT WARNING * * *
The wight hits you with a +2 long sword.
The wight barely misses you. x2
The wight hits you with a +2 long sword!
You feel drained.
Throw: 2 large rocks
Press: ? - help, Q - select action, (/) - cycle Shift-Dir - straight line, f/p - wight
Aim: a wight, wielding a +5 halberd and wearing a +0 robe (moderately damaged, 60% to hit)
You throw a large rock. The large rock hits the wight.
The wight is almost destroyed.
The wight hits you from afar with a +5 halberd!
The wight hits you with a +2 long sword!
You claw the wight!
You destroy the wight!
The wight barely misses you. The wight closely misses you.
Things that are here:
a +2 long sword; a +0 robe; 11 gold pieces You closely miss the wight.
The wight is moderately damaged.
The wight hits you with a +5 halberd!
* * * LOW HITPOINT WARNING * * *
You feel drained.
* * * LOW HITPOINT WARNING * * *
You scratch the wight.
The wight is moderately damaged.
The wight barely misses you.
You barely miss the wight. Your claw misses the wight.
The wight is moderately damaged.
The wight hits you with a +5 halberd!
You die...

######.......##
#..............
#.########.####
#....J.W...# #.
#..######### #.
##..# #. #...#### #.
#####......#########
#.z@..####.J........
#.###.# #..########
#.#...## #..#
###z#....###..#
#......_......#
#..###....#.### #..#
##...#.# #..#
#.###.#
#..####.....#


You could see a wight.

Vanquished Creatures
  Edmund (D:6)
  2 sky beasts (D:6)
  An orc warrior (D:6)
  An ogre (D:6)
  8 wights
  An orc priest (D:6)
  A hound (D:5)
  A bullfrog skeleton (D:6)
  An orc wizard (D:6)
  A killer bee zombie (D:6)
  4 adders
  2 dart slugs
  7 orcs
  5 endoplasms
  A giant cockroach (D:1)
  4 goblins
  2 hobgoblins
  12 jackals
  6 quokkas
  4 ball pythons
  6 bats
  6 frilled lizards (D:1)
  5 kobolds
  6 rats
88 creatures vanquished.

Notes
Turn   | Place    | Note
-------+----------+-------------------------------------------
     0 | D:1      | Mamutox the Troll Hunter began the quest for the Orb.
     0 | D:1      | Reached XP level 1. HP: 19/19 MP: 0/0
   188 | D:1      | Reached XP level 2. HP: 26/28 MP: 1/1
   274 | D:1      | Found Jaddufoa's Armour Boutique.
   283 | D:1      | Reached skill level 1 in Unarmed Combat
   334 | D:1      | Found a faded altar of an unknown god.
   942 | D:2      | Reached XP level 3. HP: 34/35 MP: 2/2
  1596 | D:2      | Reached XP level 4. HP: 42/42 MP: 3/3
  2006 | D:3      | Noticed Jessica
  2007 | D:3      | You fall into a shaft and drop 3 floors!
  2012 | D:6      | Noticed Edmund
  2037 | D:5      | Entered Level 5 of the Dungeon
  2161 | D:6      | Killed Edmund
  2162 | D:6      | Reached XP level 5. HP: 47/50 MP: 4/4
  2282 | D:6      | Noticed an ogre
  2363 | D:7      | Noticed a black bear
  2370 | D:7      | Noticed an ice beast
  2514 | D:4      | Noticed an ogre
  2515 | D:4      | Noticed a black bear
  2552 | D:5      | Found a glowing silver altar of Zin.
  2565 | D:5      | Found Qedy's Book Shop.
  2575 | D:5      | Reached XP level 6. HP: 56/59 MP: 5/5
  2767 | D:5      | Noticed a wraith
  2861 | D:6      | Noticed a sky beast
  2865 | D:6      | Noticed an orc warrior
  2893 | D:6      | Killed a sky beast
  2901 | D:6      | Killed an orc warrior
  3013 | D:6      | Reached XP level 7. HP: 46/67 MP: 6/6
  3137 | D:6      | Found a burning altar of Makhleb.
  3218 | D:6      | Identified the Tome of the Congealing Compass
  3262 | D:6      | Reached skill level 5 in Unarmed Combat
  3331 | D:6      | Reached skill level 5 in Throwing
  3981 | D:5      | Reached XP level 8. HP: 39/75 MP: 7/7
  4098 | D:5      | Slain by a wight

Illustrated notes

Levels and vault maps discovered:
D:1:      dpeg_arrival_boxes_within_box, layout_rooms, serial_shops,
          nicolae_diamond_shop, ebering_ecumenical_altar_abandoned,
          chequers_serial_rivers_large_a, kennysheep_nondescript,
          hangedman_decor_points, kennysheep_small_spiral
D:2:      layout_basic
D:3:      layout_basic, serial_shops, nicolae_shop_stone, uniq_jessica
D:4:      layout_basic, minmay_misc_feat_five, grunt_decor_clamped, minmay_puff
D:5:      layout_basic, nicolae_tso_carved_into_rock,
          nicolae_overflow_crystal_walls, serial_shops, shop
D:6:      layout_basic, lemuel_doored_altar, uniq_edmund
D:7:      layout_loops_ring, elyvilon_altar_4, kennysheep_little_box,
          amcnicky_altar_gilded, minmay_temple_entry_water_ring,
          ebering_ghost_reflecting_pool, wad_floor_pattern_2, uniq_joseph

Skill      XL: |  1  2  3  4  5  6  7 |
---------------+----------------------+-----
Unarmed Combat | 1 2 3 4 5 |  5.8
Fighting       | 2 3 |  3.7
Dodging        | 2 3 |  3.7
Throwing       | 4 5 |  5.3
Stealth        | |  0.3

Action                   |  1- 3 |  4- 6 |  7- 9 || total
-------------------------+-------+-------+-------++-------
Melee: Unarmed           |   120 |   144 |    56 ||   320
       Punch             |       |     3 |       ||     3
Throw: Large rock        |       |     2 |     8 ||    10
 Stab: Sleeping          |     1 |     1 |       ||     2
Armor: Robe              |    53 |    53 |     4 ||   110
Dodge: Dodged            |    86 |   105 |    29 ||   220

Table legend: (Time is in decaauts)
 A = Elapsed time spent in this place.
 B = Non-inter-level travel time spent in this place.
 C = Inter-level travel time spent in this place.
 D = Time resting spent in this place.
 E = Time spent auto-exploring this place.
 F = Levels seen in this place.
 G = Mean time per level.
                   A        B        C        D        E       F      G
               +--------+--------+--------+--------+--------+-----+--------+
         Total |   4123 |   4105 |     18 |    287 |   1774 |   7 |  589.0 |
       Dungeon |   4123 |   4105 |     18 |    287 |   1774 |   7 |  589.0 |
               +--------+--------+--------+--------+--------+-----+--------+

Top non-repeatable levels by time:
     D:6: 1465 daAuts
     D:1: 899 daAuts
     D:2: 851 daAuts
     D:5: 497 daAuts
     D:3: 271 daAuts
     D:7: 132 daAuts
     D:4: 5 daAuts
